 Dungeon Crawl Stone Soup version 0.25-a0-41-g6cf4ce537d (webtiles) character file.

Game seed: 791309192109853111, levelgen mode: deterministic

58856 night the Fighter (level 14, -3/127 HPs)
             Began as a Green Draconian Earth Elementalist on Oct 21, 2019.
             Was a High Priest of Vehumet.
             Slain by an entropy weaver (13 damage)
             ... on level 1 of the Spider Nest.
             The game lasted 02:08:27 (34337 turns).

night the Fighter (DrEE)                           Turns: 34337, Time: 02:08:27

Health: -3/127     AC: 13    Str: 12    XL:     14   Next: 51%
Magic:  11/29      EV: 12    Int: 23    God:    Vehumet [*****.]
Gold:   346        SH:  5    Dex: 16    Spells: 11/35 levels left

rFire    + . .     SeeInvis .   a - +0 dagger (venom)
rCold    + . .     Gourm    .   o - +0 buckler
rNeg     . . .     Faith    .   (armour unavailable)
rPois    +         Spirit   .   O - +2 hat
rElec    .         Reflect  .   t - scarf {rC+ rF+}
rCorr    .         Harm     .   (no gloves)
MR       +....                  Y - +2 pair of boots
Stlth    ++........             (no amulet)
HPRegen  0.31/turn              w - +4 ring of intelligence
MPRegen  0.21/turn              C - +4 ring of dexterity

@: no status effects
A: breathe noxious fumes, unfitting armour, stinger 1, poison resistance,
cold-blooded, AC +8
a: Breathe Noxious Fumes, Renounce Religion


You were on level 1 of the Spider Nest.
You worshipped Vehumet.
Vehumet was extremely pleased with you.
You were near starving.

You visited 4 branches of the dungeon, and saw 24 of its levels.
You visited 1 bazaar.

You collected 1483 gold pieces.
You spent 1137 gold pieces at shops.

Inventory:

Hand Weapons
 a - a +0 dagger of venom (weapon)
 e - a +1 dagger of pain
 A - a +2 whip of electrocution
 R - a +1 morningstar of protection
 W - a +6 hunting sling of flaming
Missiles
 m - 65 poisoned darts (quivered)
 p - 12 silver javelins
 v - 11 boomerangs
 x - 8 javelins
 y - 578 stones
 X - 86 sling bullets
Armour
 o - a +0 buckler (worn)
 t - a scarf of resistance (worn)
 H - a +2 cloak
 O - a +2 hat (worn)
 P - the +2 shield of Resistance {rF+ rC+ MR+}
   (You bought it in a shop in a bazaar)

   It protects you from fire.
   It protects you from cold.
   It affects your resistance to hostile enchantments.
 Y - a +2 pair of boots (worn)
Magical Staves
 b - an uncursed staff of energy
Jewellery
 w - a +4 ring of intelligence (left hand)
 B - an uncursed amulet of guardian spirit
 C - a +4 ring of dexterity (right hand)
 L - an uncursed ring of stealth
 T - a +4 ring of strength
Wands
 h - a wand of disintegration (21)
 l - a wand of random effects (46)
 s - a wand of flame (5)
 G - a wand of digging (4)
 J - a wand of acid (8)
Scrolls
 k - 4 scrolls of enchant weapon
 D - 3 scrolls of blinking
 F - 3 scrolls of amnesia
 I - a scroll of remove curse
 K - 3 scrolls of identify
 M - a scroll of fog
 N - a scroll of torment
 U - 2 scrolls of teleportation
Potions
 d - 2 potions of agility
 f - a potion of invisibility {unknown}
 g - 3 potions of heal wounds
 i - 5 potions of might
 j - 5 potions of lignification
 n - 6 potions of brilliance
 q - 8 potions of curing
 u - a potion of cancellation {unknown}
 z - 3 potions of flight
 E - 2 potions of ambrosia {unknown}
Miscellaneous
 Q - a crystal ball of energy
 S - a phial of floods
Comestibles
 c - 27 rations


   Skills:
 - Level 12.8 Fighting
 - Level 2.4 Short Blades
 - Level 0.4 Maces & Flails
 - Level 1.7 Dodging
 - Level 1.7 Stealth
 - Level 4.0 Shields
 - Level 11.2 Spellcasting
 + Level 12.2 Conjurations
 + Level 8.1 Summonings
   Level 1.0 Transmutations
 - Level 12.2 Earth Magic


You had 11 spell levels left.
You knew the following spells:

 Your Spells              Type           Power        Failure   Level  Hunger
a - Sandblast             Erth           ######       1%          1    None
b - Stone Arrow           Conj/Erth      ######       1%          3    None
c - Lee's Rapid Deconstr  Erth           ######....   1%          5    ####...
d - Mephitic Cloud        Conj/Pois/Air  ####....     1%          3    None
e - Spellforged Servitor  Conj/Summ      ######....   17%         7    #######
f - Bolt of Magma         Conj/Fire/Erth ######....   1%          5    ####...

Your spell library contained the following spells:

 Spells                   Type           Power        Failure   Level  Hunger
 Freeze                   Ice            ##..         1%          1    None
 Passwall                 Tmut/Erth      #####...     1%          2    None
 Throw Frost              Conj/Ice       #####.       1%          2    None
 Throw Icicle             Conj/Ice       #####...     1%          4    None
 Beastly Appendage        Tmut           ###...       3%          1    None
 Petrify                  Tmut/Erth      #####...     3%          4    None
 Confusing Touch          Hex            ##....       4%          1    None
 Sticks to Snakes         Tmut           ###.....     4%          2    None
 Summon Ice Beast         Ice/Summ       ####....     10%         4    None
 Spider Form              Tmut/Pois      ###.......   12%         3    None
 Confuse                  Hex            ##......     16%         3    None
 Gell's Gravitas          Tloc           ##........   16%         3    None
 Ozocubu's Armour         Chrm/Ice       ##......     16%         3    None
 Yara's Violent Unravell  Hex/Tmut       ###.......   28%         5    ####...
 Ice Form                 Ice/Tmut       ###.....     38%         4    None
 Blade Hands              Tmut           ###.......   67%         5    ####...
 Metabolic Englaciation   Hex/Ice        ##........   80%         5    ####...


Dungeon Overview and Level Annotations

Branches:
Dungeon (15/15)            Temple (1/1) D:4            Lair (6/6) D:8
  Swamp (0/4) Lair:2       Spider (2/4) Lair:3        Slime (0/5) Lair:5
    Orc (0/2) D:10         Vaults (0/5) D:14         Depths (0/5) D:15

Altars:
Ashenzari
Cheibriados
Dithmenos
Elyvilon
Fedhas
Gozag
Hepliaklqana
Kikubaaqudgha
Makhleb
Nemelex Xobeh
Okawaru
Qazlal
Ru
Sif Muna
Trog
Uskayaw
Vehumet
Wu Jian
Xom
Yredelemnul
Zin
The Shining One
Jiyva

Shops:
D:14 (

Annotations:
D:6 3 runed translucent doors, ohados's ghost, novice FeTm
D:7 3 runed translucent doors, confidenceinterval's ghost, novice OgFi
Lair:1 3 runed translucent doors, Ycsot's ghost, journeyman KoHu


Innate Abilities, Weirdness & Mutations

You can breathe blasts of noxious fumes.
Your lurid green scales are hard. (AC +8)
You cannot fit into any form of body armour.
Your tail ends in a poisonous barb.
Your system is resistant to poisons. (rPois)
You are cold-blooded and may be slowed by cold attacks.


Message History

* * * LOW HITPOINT WARNING * * *
You block the entropy weaver's attack. The entropy weaver hits you!
* * * LOW HITPOINT WARNING * * *
The entropy weaver closely misses you. The redback closely misses you.
Okay, then.
Okay, then.
Casting: Mephitic Cloud (safe; 1% risk of failure)
Confirm with . or Enter, or press ? or * to list all spells.
Aiming: Mephitic Cloud (safe; 1% risk of failure)
Press: ? - help, Shift-Dir - straight line, f - you The ball explodes into a vile cloud!
The stinking cloud engulfs you but does no damage.
The stinking cloud engulfs the redback but does no damage.
The stinking cloud engulfs the entropy weaver but does no damage.
The entropy weaver is engulfed in noxious fumes.
The entropy weaver appears confused.
The redback bites you!
* * * LOW HITPOINT WARNING * * *
The entropy weaver is engulfed in noxious fumes.
The entropy weaver appears confused.
The entropy weaver hits you!
You die...

##..............^...#........####
.............#......^.........###
............##....).........^...#
.............#...##.#..>.......##
.............########...........^
#..^........## ##..#........
##.###.......## ####...#....
###..........#### ##..#..##....
#..........○#@####...#...#....
#.>.........sa.##....#####....
##.........☼§§......)..###...#
##^..#.#.............##.#####
#...####................####
#..## #..................#.##
##..# ##...........#.......^#
#..####......#.....##......##
#### #.......##....##..#.###


You could see an entropy weaver (confused) and a redback.

Vanquished Creatures
  Snorg (Lair:3)
  8 hydras
  3 centaur warriors
  7 two-headed ogres
  A catoblepas (Lair:4)
  A skeletal warrior (D:15)
  2 unseen horrors (D:15)
  Pikel (D:7)
  2 wizards (D:14)
  2 necromancers
  4 wolf spiders
  An orb spider (Spider:2)
  4 cyclopes
  A deep elf mage (D:14)
  10 ugly things
  A frost giant zombie (D:15)
  2 black mambas (Lair:3)
  3 spiny frogs
  2 gargoyles
  3 demonic crawlers
  3 komodo dragons
  A rime drake (Lair:2)
  A freezing wraith (D:15)
  2 tengu conjurers (D:13)
  2 harpy zombies
  2 trolls
  2 hornets
  A polar bear (Lair:3)
  7 jumping spiders
  A tyrant leech (Lair:2)
  7 slime creatures
  3 hippogriffs
  3 shadows
  8 redbacks
  A fire dragon skeleton (D:15)
  A wraith (D:9)
  A spriggan (shapeshifter) (D:15)
  A spriggan (D:8)
  20 yaks
  3 tarantellas (Spider:2)
  A water elemental (D:14)
  3 wyverns
  3 basilisks
  Grum (D:9)
  A steam dragon (D:12)
  3 hungry ghosts
  A swamp worm (Lair:2)
  8 water moccasins
  2 soldier ants
  9 porcupines
  Duvessa (D:7)
  3 sky beasts
  4 ice beasts
  7 orc warriors
  A phantom (D:5)
  A hornet zombie (D:11)
  2 slaves (D:7)
  3 black bears
  An eye of draining (D:13)
  9 ogres
  4 wolves (D:9)
  12 crocodiles
  9 centaurs
  2 yaktaur zombies (D:15)
  4 big kobolds
  16 bullfrogs
  A wyvern zombie (D:11)
  A water moccasin zombie (D:6)
  Dowan (D:7)
  A water moccasin skeleton (D:6)
  7 scorpions
  3 killer bees (D:12)
  5 wights (D:13)
  2 electric eels (D:14)
  2 howler monkeys (D:5)
  9 crimson imps
  A bullfrog skeleton (D:5)
  9 centaur zombies
  7 orc priests
  7 hounds
  A gnoll shaman (D:7)
  A jelly (D:7)
  13 orc wizards
  3 centaur skeletons
  Ijyb (D:3)
  4 iguanas
  8 hell rats (Lair:2)
  13 worker ants
  Robin (D:2)
  11 adders
  9 gnolls
  11 river rats (Lair:2)
  2 shadow imps
  3 oozes
  An adder skeleton (D:7)
  A worm (D:2)
  A dart slug (D:3)
  7 leopard geckos
  45 orcs
  6 giant cockroaches
  17 goblins
  11 hobgoblins
  9 jackals
  25 kobolds
  13 quokkas
  2 ball pythons
  7 bats
  6 frilled lizards
  A leopard gecko skeleton (D:4)
  A quokka zombie (D:9)
  18 rats
548 creatures vanquished.

Vanquished Creatures (collateral kills)
  A tengu warrior (D:15)
  A vampire mage (D:14)
  A skeletal warrior (D:15)
  2 wolf spiders
  A tengu conjurer (D:15)
  2 jumping spiders (Spider:1)
  6 redbacks
  A basilisk (D:14)
  6 centaurs
21 creatures vanquished.

Vanquished Creatures (others)
  A tarantella (Spider:2)
  An adder (D:7)
  12 fungi
  3 plants (Lair:2)
17 creatures vanquished.

Grand Total: 586 creatures vanquished

Notes
Turn   | Place    | Note
-------+----------+-------------------------------------------
     0 | D:1      | night the Draconian Earth Elementalist began the quest for
                  | the Orb.
     0 | D:1      | Reached XP level 1. HP: 14/14 MP: 3/3
   213 | D:1      | Reached XP level 2. HP: 21/22 MP: 5/5
   288 | D:1      | Reached skill level 1 in Fighting
   804 | D:1      | Reached XP level 3. HP: 28/28 MP: 6/6
   809 | D:1      | Learned a level 3 spell: Stone Arrow
  1250 | D:2      | Found an opulent altar of Gozag.
  1255 | D:2      | Noticed Robin
  1387 | D:2      | Killed Robin
  1387 | D:2      | Reached XP level 4. HP: 35/36 MP: 8/8
  1665 | D:2      | Noticed a bullfrog
  1672 | D:2      | Killed a bullfrog
  1672 | D:2      | Reached skill level 1 in Conjurations
  1672 | D:2      | Reached XP level 5. HP: 42/42 MP: 9/9
  1779 | D:2      | Found a glowing golden altar of the Shining One.
  1858 | D:2      | Found a sparkling altar of Nemelex Xobeh.
  2948 | D:3      | Reached XP level 6. HP: 43/51 MP: 0/11
  3074 | D:3      | Noticed Ijyb
  3076 | D:3      | Killed Ijyb
  3144 | D:4      | Learned a level 5 spell: Lee's Rapid Deconstruction
  3657 | D:4      | Found a staircase to the Ecumenical Temple.
  3699 | Temple   | Entered the Ecumenical Temple
  3878 | Temple   | Became a worshipper of Vehumet
  4070 | D:4      | Your scales start taking on a lurid green colour.
  4070 | D:4      | Reached XP level 7. HP: 46/58 MP: 12/12
  4070 | D:4      | Gained mutation: Your system is resistant to poisons.
                  | (rPois) [Green Draconian growth]
  4222 | D:5      | Entered Level 5 of the Dungeon
  4319 | D:5      | Reached skill level 5 in Earth Magic
  5607 | D:5      | HP: 1/60 [howler monkey (4)]
  6114 | D:6      | Reached * piety under Vehumet
  6114 | D:6      | Offered knowledge of Sting by Vehumet.
  6118 | D:6      | Reached XP level 8. HP: 67/67 MP: 4/14
  6237 | D:6      | Reached skill level 5 in Fighting
  6258 | D:6      | Found a runed translucent gate.
  6260 | D:6      | Found a runed translucent gate.
  6260 | D:6      | Found an opulent altar of Gozag.
  6261 | D:6      | Found a runed translucent gate.
  6263 | D:6      | Noticed ohados's ghost (novice FeTm)
  6527 | D:6      | Reached skill level 5 in Spellcasting
  6581 | D:6      | Got a distressingly furry cloak
  6582 | D:6      | Identified the +0 cloak "Syreskei" {rF+ Regen+ Str-4
                  | Stlth+} (You found it on level 6 of the Dungeon)
  6933 | D:7      | Found a runed translucent gate.
  6933 | D:7      | Found a runed translucent gate.
  6939 | D:7      | Noticed confidenceinterval's ghost (novice OgFi)
  7046 | D:7      | Found a runed translucent gate.
  7276 | D:7      | Noticed Dowan
  7277 | D:7      | Reached skill level 5 in Conjurations
  7281 | D:7      | Noticed Duvessa
  7466 | D:7      | Killed Duvessa
  7466 | D:7      | Reached XP level 9. HP: 73/77 MP: 6/17
  7470 | D:7      | Killed Dowan
  7783 | D:7      | Noticed Pikel
  7861 | D:7      | Killed Pikel
  8298 | D:8      | Noticed a two-headed ogre
  8322 | D:8      | Killed a two-headed ogre
  8501 | D:8      | Offered knowledge of Flame Tongue by Vehumet.
  8502 | D:8      | Reached ** piety under Vehumet
  8522 | D:8      | Reached XP level 10. HP: 76/88 MP: 17/20
  8719 | D:8      | Found a staircase to the Lair.
 10198 | D:9      | Offered knowledge of Throw Flame by Vehumet.
 10558 | D:9      | Noticed Grum
 10725 | D:9      | Killed Grum
 10725 | D:9      | Reached skill level 1 in Short Blades
 11365 | D:10     | Entered Level 10 of the Dungeon
 11487 | D:10     | Reached *** piety under Vehumet
 12080 | D:10     | Found a staircase to the Orcish Mines.
 12376 | D:10     | Offered knowledge of Mephitic Cloud by Vehumet.
 12411 | D:10     | Found a white marble altar of Elyvilon.
 12485 | D:10     | Learned a level 3 spell: Mephitic Cloud
 12563 | D:10     | Noticed a two-headed ogre
 12576 | D:10     | Killed a two-headed ogre
 12576 | D:10     | Reached XP level 11. HP: 92/97 MP: 7/23
 12870 | Lair:1   | Entered Level 1 of the Lair of Beasts
 12894 | Lair:1   | Found a runed translucent gate.
 12894 | Lair:1   | Found a runed translucent gate.
 12896 | Lair:1   | Found a runed translucent gate.
 12899 | Lair:1   | Found a viscous altar of Jiyva.
 12899 | Lair:1   | Noticed Ycsot's ghost (journeyman KoHu)
 13611 | Lair:1   | Reached **** piety under Vehumet
 14334 | Lair:2   | Offered knowledge of Irradiate by Vehumet.
 15178 | Lair:2   | Reached skill level 10 in Fighting
 15350 | Lair:2   | Noticed a four-headed hydra
 15358 | Lair:2   | Killed a four-headed hydra
 15360 | Lair:2   | Reached ***** piety under Vehumet
 15433 | Lair:2   | Offered knowledge of Spellforged Servitor by Vehumet.
 15433 | Lair:2   | Reached skill level 10 in Earth Magic
 15609 | Lair:2   | Learned a level 7 spell: Spellforged Servitor
 15955 | Lair:2   | Noticed an eight-headed hydra
 15984 | Lair:2   | Killed an eight-headed hydra
 16670 | Lair:2   | Reached XP level 12. HP: 108/108 MP: 22/25
 16772 | Lair:2   | Noticed a seven-headed hydra
 16803 | Lair:2   | Killed a seven-headed hydra
 16803 | Lair:2   | Reached skill level 1 in Summonings
 16908 | Lair:2   | Found a staircase to the Swamp.
 17415 | Lair:3   | Noticed an eight-headed hydra
 17422 | Lair:3   | Killed an eight-headed hydra
 17726 | Lair:3   | Found a hole to the Spider Nest.
 18180 | Lair:3   | Reached skill level 10 in Conjurations
 18326 | Lair:3   | Noticed Snorg
 18334 | Lair:3   | Killed Snorg
 19561 | Lair:4   | Noticed a six-headed hydra
 19570 | Lair:4   | Killed a six-headed hydra
 19890 | Lair:4   | You fall into a shaft and drop 2 floors!
 19890 | Lair:6   | Entered Level 6 of the Lair of Beasts
 19919 | Lair:5   | Noticed a death yak
 19920 | Lair:5   | Noticed a death yak
 19921 | Lair:5   | Noticed a death yak
 19921 | Lair:5   | Noticed a death yak
 19921 | Lair:5   | Noticed a death yak
 19924 | Lair:5   | Noticed a death yak
 20462 | Lair:4   | Noticed a catoblepas
 20479 | Lair:4   | Killed a catoblepas
 20479 | Lair:4   | Reached skill level 10 in Spellcasting
 20658 | Lair:4   | Noticed a six-headed hydra
 20664 | Lair:4   | Killed a six-headed hydra
 21370 | D:11     | Noticed a seven-headed hydra
 21384 | D:11     | Killed a seven-headed hydra
 21811 | D:11     | You fall into a shaft and drop 1 floor!
 21897 | D:12     | Reached XP level 13. HP: 116/116 MP: 5/27
 22865 | D:11     | Reached skill level 5 in Summonings
 23468 | D:12     | Offered knowledge of Bolt of Magma by Vehumet.
 23571 | D:12     | Learned a level 5 spell: Bolt of Magma
 24664 | D:13     | Found a flickering gateway to a bazaar.
 24673 | Bazaar   | Entered a bazaar
 24699 | Bazaar   | Found Muessot's Armour Shop.
 24718 | Bazaar   | Found Qolusuoh's Antique Weapon Boutique.
 24718 | Bazaar   | Found Sexecvun's Magic Scroll Shop.
 24749 | Bazaar   | Found Unaxuat's Gadget Shop.
 24794 | Bazaar   | Bought the +2 shield of Resistance {rF+ rC+ MR+} for 534
                  | gold pieces
 24794 | Bazaar   | Found the +2 shield of Resistance {rF+ rC+ MR+}
 24806 | Bazaar   | Bought a crystal ball of energy for 160 gold pieces
 24824 | Bazaar   | Bought a scroll of blinking for 97 gold pieces
 24854 | Bazaar   | Bought a runed morningstar for 189 gold pieces
 27085 | D:14     | Reached skill level 1 in Shields
 27507 | D:14     | Found a gate to the Vaults.
 28452 | D:14     | Found Jysuah's Antique Weapon Emporium.
 28462 | D:14     | Bought a runed hunting sling for 157 gold pieces
 29372 | D:15     | Entered Level 15 of the Dungeon
 29627 | D:15     | Gained mutation: Your tail ends in a poisonous barb. [Green
                  | Draconian growth]
 29627 | D:15     | Reached XP level 14. HP: 127/127 MP: 12/28
 30957 | D:15     | Found a staircase to the Depths.
 31244 | D:15     | Found an iron altar of Okawaru.
 31940 | Spider:1 | Entered Level 1 of the Spider Nest
 34317 | Spider:2 | Noticed an entropy weaver
 34337 | Spider:1 | Slain by an entropy weaver

Levels and vault maps discovered:
D:1:      ncdulo_watergridlock, layout_loops_ring, chequers_serial_rivers_marsh,
          minmay_split_cup_large
D:2:      layout_basic, chequers_temple_overflow_statue_of_worship,
          nicolae_gozag_seed_capital, uniq_robin
D:3:      layout_loops_cross, first_ration, uniq_ijyb
D:4:      layout_basic, minmay_temple_entry_proselytizer
D:5:      layout_gridville
D:6:      layout_cave_pools, ebering_ghost_gozag, kennysheep_crisscross,
          minivault_10, minmay_fractal_squares_diagonal_5
D:7:      nicolae_whirlpool, layout_cave_pools, gammafunk_ghost_split,
          uniq_duvessa, uniq_pikel
D:8:      layout_gridville, lair_entry_dummy, serial_glass, glass_columns_b,
          glass_columns_b, glass_columns_a, glass_columns_a, glass_columns_b,
          glass_columns_b, glass_columns_a, glass_columns_b, the_bakery
D:9:      layout_gridville, uniq_grum
D:10:     layout_rooms, david_orc_4, basic_altar
D:11:     layout_loops_cross
D:12:     layout_gridville, gauntlet_entry_generic
D:13:     layout_irregular_city, serial_shops, bzr_entry_gold
D:14:     layout_irregular_city, david_vaults_1, serial_column_ruins,
          column_ruins_square_medium, column_ruins_hut,
          column_ruins_open_medium, column_ruins_columns_water,
          column_ruins_open_tiny, column_ruins_open_tiny,
          column_ruins_open_small_water, column_ruins_open_medium,
          column_ruins_grid_3, chequers_hall_statues_corner_a, serial_shops,
          nicolae_shop_overgrown_old_shop, drop_trap, water_boxes_lemuel
D:15:     gammafunk_depths_entry_grave, layout_rooms, okawaru_ov_weapons_minmay
Temple:   regret_index_temple_chain_breaker
Lair:1:   layout_small_grid, gammafunk_ghost_ooze, lemuel_old_faithful
Lair:2:   lemuel_ratsnest, layout_cave_pods, palyth_hydra_swamp_entry,
          grunt_megastairs_3
Lair:3:   layout_cave_shapes, spider_nest_entry_funnel_web, uniq_snorg
Lair:4:   layout_cave_pods
Lair:5:   layout_long_grid, slime_altar_1, chequers_serial_rivers_micro_d,
          ldierk_geyser, kennysheep_basilisk_garden
Lair:6:   cheibrodos_lair_end_hotspot, layout_regular_city
Spider:1: layout_spider_delve
Spider:2: layout_spider_delve

Skill      XL: |  1  2  3  4  5  6  7  8  9 10 11 12 13 14 |
---------------+-------------------------------------------+-----
Fighting       | 1 2 3 4 6 7 9 10 11 12 | 12.8
Spellcasting   | 3 4 5 6 8 9 10 11 | 11.2
Conjurations   | 1 2 3 4 5 6 8 9 10 11 12 | 12.2
Earth Magic    | 4 5 6 7 9 10 11 12 | 12.2
Short Blades   | 2 |  2.4
Summonings     | 4 6 8 |  8.1
Shields        | 4 |  4.0
Maces & Flails | |  0.4
Dodging        | |  1.7
Stealth        | |  1.7
Transmutations | |  1.0

Action                   |  1- 3 |  4- 6 |  7- 9 | 10-12 | 13-15 || total
-------------------------+-------+-------+-------+-------+-------++-------
Melee: Unarmed           |    15 |       |       |       |       ||    15
       Dagger            |   112 |   153 |   181 |   340 |    53 ||   839
       Tailslap          |    18 |    25 |    28 |    67 |    15 ||   153
       Whip              |       |       |       |    44 |    12 ||    56
       Staff             |       |       |       |     3 |    19 ||    22
       Morningstar       |       |       |       |       |    20 ||    20
 Fire: Hunting sling     |       |       |       |       |    78 ||    78
Throw: Dart              |       |       |     1 |       |     1 ||     2
 Cast: Sandblast         |    12 |     9 |    11 |    19 |    17 ||    68
       Stone Arrow       |       |    18 |    70 |   260 |   292 ||   640
       Lee's Rapid Decon |       |       |     1 |    50 |    53 ||   104
       Mephitic Cloud    |       |       |       |    10 |     7 ||    17
       Bolt of Magma     |       |       |       |       |    17 ||    17
       Spellforged Servi |       |       |       |       |     5 ||     5
 Abil: Breathe Noxious F |       |       |     7 |     9 |     1 ||    17
Evoke: Wand              |       |     3 |     8 |     4 |     4 ||    19
       Staff of energy   |       |       |       |       |     1 ||     1
       Phial of floods   |       |       |       |       |     1 ||     1
  Use: Scroll            |     1 |     8 |     9 |     9 |     8 ||    35
       Potion            |       |       |       |     1 |     4 ||     5
 Stab: Sleeping          |     3 |     6 |       |     2 |     1 ||    12
       Confused          |       |       |     6 |     5 |     2 ||    13
       Distracted        |       |       |       |     2 |       ||     2
  Eat: Chunk             |     2 |    10 |    11 |    42 |    14 ||    79
       Ration            |       |       |     2 |     3 |     7 ||    12
Armor: Skin              |    33 |    51 |    69 |   147 |   179 ||   479
Dodge: Dodged            |    79 |    98 |   170 |   281 |   197 ||   825
Block: Buckler           |       |       |       |       |    72 ||    72

Table legend:
 A = Non-vault XP
 B = Vault XP
 C = Vault XP percentage of total XP
 D = Non-vault monster count
 E = Vault monster count
 F = Vault count percentage of total count
                 A         B        C        D         E       F
            +---------+---------+-------+---------+---------+-------
      Total |   67680 |   16400 |  19.5 |     454 |     114 |  20.1
            +---------+---------+-------+---------+---------+-------
        D:1 |      46 |      13 |  22.0 |      28 |       4 |  12.5
        D:2 |     168 |      40 |  19.2 |      25 |      13 |  34.2
        D:3 |     156 |      36 |  18.8 |      21 |       1 |   4.5
        D:4 |     302 |      41 |  12.0 |      14 |       1 |   6.7
        D:5 |     433 |      53 |  10.9 |      12 |       3 |  20.0
        D:6 |     501 |      34 |   6.4 |      15 |       1 |   6.2
        D:7 |    1239 |    1217 |  49.6 |      26 |       6 |  18.8
        D:8 |    1915 |     220 |  10.3 |      18 |       1 |   5.3
        D:9 |    2268 |     628 |  21.7 |      43 |       5 |  10.4
       D:10 |    1769 |     740 |  29.5 |      18 |      16 |  47.1
       D:11 |    5376 |       0 |   0.0 |      23 |       0 |   0.0
       D:12 |    5826 |       0 |   0.0 |      35 |       0 |   0.0
       D:13 |    9675 |       0 |   0.0 |      31 |       0 |   0.0
       D:14 |    6009 |    3527 |  37.0 |      21 |       5 |  19.2
       D:15 |    7413 |    3122 |  29.6 |      23 |       7 |  23.3
     Lair:1 |    3087 |       0 |   0.0 |      18 |       0 |   0.0
     Lair:2 |    4149 |    4145 |  50.0 |      22 |      46 |  67.6
     Lair:3 |    4323 |    2584 |  37.4 |      17 |       5 |  22.7
     Lair:4 |    4291 |       0 |   0.0 |      12 |       0 |   0.0
   Spider:1 |    5008 |       0 |   0.0 |      18 |       0 |   0.0
   Spider:2 |    3726 |       0 |   0.0 |      14 |       0 |   0.0
            +---------+---------+-------+---------+---------+-------
